 Dungeon Crawl Stone Soup version 0.25-a0-565-g8875c97ebb (webtiles) character file.

Game seed: 17649967986595807942, levelgen mode: deterministic

476 Flugslaktarn the Skirmisher (level 6, -4/57 HPs)
             Began as a Minotaur Fighter on Feb 26, 2020.
             Slain by an ogre
             ... wielding a +0 giant club
              (27 damage)
             ... on level 5 of the Dungeon.
             The game lasted 00:00:35 (1506 turns).

Flugslaktarn the Skirmisher (Minotaur Fighter)      Turns: 1506, Time: 00:00:35

Health: -4/57      AC:  7    Str: 23    XL:     6   Next: 85%
Magic:  5/5        EV:  7    Int:  5    God:
Gold:   83         SH: 10    Dex:  9    Spells: 5/5 levels left

rFire    . . .     SeeInvis .   a - +0 war axe
rCold    . . .     Gourm    .   c - +0 kite shield
rNeg     . . .     Faith    .   b - +0 scale mail
rPois    .         Spirit   .   (helmet restricted)
rElec    .         Reflect  .   (no cloak)
rCorr    .         Harm     .   (no gloves)
MR       .....                  (no boots)
Stlth    ..........             (no amulet)
HPRegen  0.19/turn              (no ring)
MPRegen  0.09/turn              (no ring)

@: marked
A: retaliatory headbutt, horns 2
a: no special abilities


You were on level 5 of the Dungeon.
You were not hungry.

You visited 1 branch of the dungeon, and saw 5 of its levels.

You collected 83 gold pieces.

Inventory:

Hand Weapons
 a - a +0 war axe (weapon)
Armour
 b - a +0 scale mail (worn)
 c - a +0 kite shield (worn)
Scrolls
 f - a scroll of identify {unknown}
 g - a scroll of magic mapping {unknown}
 h - a scroll of teleportation {unknown}
 i - a scroll of remove curse {unknown}
Potions
 d - 2 potions of might
 j - 2 potions of haste {unknown}
Comestibles
 e - 4 rations
 k - 4 chunks of flesh


   Skills:
 * Level 6.1 Fighting
 * Level 5.5 Axes
 + Level 5.0 Armour
 + Level 5.0 Shields


You had 5 spell levels left.
You didn't know any spells.
Your spell library was empty.

Dungeon Overview and Level Annotations

Branches:
Dungeon (5/15)
 Temple: D:4-7

Altars:
Xom


Innate Abilities, Weirdness & Mutations

You reflexively headbutt those who attack you in melee.
You have a pair of horns on your head.


Message History

You completely miss the ogre.
You feel sick.
You are no longer poisoned.
The crimson imp hits you but does no damage.
The ogre hits you with a +0 giant club!
The crimson imp blinks!
Your shield and scale mail prevent you from hitting the ogre.
The ogre is lightly wounded.
You barely miss the worker ant zombie.
A sky beast comes into view.
The worker ant zombie bites you. The ogre barely misses you.
The sky beast flickers out of sight!
Deactivating autopickup; reactivate with Ctrl-A.
You barely miss the ogre.
The ogre is lightly wounded.
You hit the worker ant zombie.
You block the worker ant zombie's attack.
The crimson imp puffs mist at you.
A sky beast appears from thin air!
Reactivating autopickup.
The ogre hits you with a +0 giant club!!
You die...

##. .#. #.. ...
####.. >.# .....
... #...###.###.
#.....(....
##.ZO......
#.#..@###.##.)
#....5...ยง...
#.......###.#...
#..#.#.##
....... ##.#.#.
#..... ### ##


You could see an ogre, a crimson imp and a worker ant zombie.

Vanquished Creatures
  An ice beast (D:5)
  An ogre (D:4)
  A hound (D:4)
  An orc priest (D:4)
  3 orc wizards (D:4)
  3 worker ants
  A killer bee zombie (D:4)
  3 adders
  An adder skeleton (D:4)
  A worm (D:2)
  2 leopard geckos
  10 orcs (D:4)
  A giant cockroach (D:3)
  2 goblins
  A hobgoblin (D:1)
  2 frilled lizards
  2 rats
36 creatures vanquished.

Vanquished Creatures (others)
  5 toadstools (D:3)
5 creatures vanquished.

Grand Total: 41 creatures vanquished

Notes
Turn   | Place    | Note
-------+----------+-------------------------------------------
     0 | D:1      | Flugslaktarn the Minotaur Fighter began the quest for the
                  | Orb.
     0 | D:1      | Reached XP level 1. HP: 19/19 MP: 0/0
   254 | D:3      | Noticed a worker ant
   260 | D:3      | Killed a worker ant
   260 | D:3      | Reached skill level 4 in Fighting
   260 | D:3      | Reached XP level 2. HP: 18/27 MP: 1/1
   260 | D:3      | Reached XP level 3. HP: 22/33 MP: 2/2
   577 | D:4      | Noticed an ogre
   583 | D:4      | Killed an ogre
   583 | D:4      | Reached XP level 4. HP: 33/41 MP: 3/3
   583 | D:4      | Reached XP level 5. HP: 38/47 MP: 4/4
   657 | D:4      | Reached skill level 5 in Fighting
  1013 | D:4      | Found a shimmering altar of Xom.
  1016 | D:4      | Found a shimmering altar of Xom.
  1016 | D:4      | Found a shimmering altar of Xom.
  1089 | D:4      | Found a shimmering altar of Xom.
  1090 | D:4      | Found a shimmering altar of Xom.
  1108 | D:4      | Reached XP level 6. HP: 47/56 MP: 5/5
  1139 | D:4      | Reached skill level 5 in Axes
  1191 | D:4      | Found a shimmering altar of Xom.
  1192 | D:4      | Found a shimmering altar of Xom.
  1487 | D:5      | Entered Level 5 of the Dungeon
  1489 | D:5      | Noticed an ice beast
  1498 | D:5      | Killed an ice beast
  1498 | D:5      | Reached skill level 6 in Fighting
  1498 | D:5      | Reached skill level 5 in Armour
  1498 | D:5      | Reached skill level 5 in Shields
  1505 | D:5      | Noticed a sky beast
  1506 | D:5      | Slain by an ogre

Levels and vault maps discovered:
D:1:      psy_arrival_dodecagon, layout_rooms, grunt_decor_arrowhead
D:2:      layout_basic, first_ration, grunt_decor_resistance, st_stairs_8,
          uniq_terence
D:3:      minmay_general_purpose_star, layout_basic, okawaru_gym_becter,
          minmay_gold_behind_fungi
D:4:      layout_loops_corners, xom_redecorated
D:5:      layout_loops_ring, st_stairs_3

Skill      XL: |  1  2  3  4  5  6 |
---------------+-------------------+-----
Fighting       | 4 5 6 |  6.1
Axes           | 3 4 5 |  5.5
Shields        | 4 5 |  5.0
Armour         | 4 5 |  5.0

Action                   |  1- 3 |  4- 6 || total
-------------------------+-------+-------++-------
Melee: War axe           |    26 |    67 ||    93
       Headbutt          |     7 |    14 ||    21
  Eat: Chunk             |       |     2 ||     2
Armor: Scale mail        |     8 |    39 ||    47
Dodge: Dodged            |     9 |    23 ||    32
Block: Kite shield       |     7 |    31 ||    38

Table legend:
 A = Non-vault XP
 B = Vault XP
 C = Vault XP percentage of total XP
 D = Non-vault monster count
 E = Vault monster count
 F = Vault count percentage of total count
                 A         B        C        D         E       F
            +---------+---------+-------+---------+---------+-------
      Total |     648 |      33 |   4.8 |      35 |       1 |   2.8
            +---------+---------+-------+---------+---------+-------
        D:1 |       3 |       0 |   0.0 |       2 |       0 |   0.0
        D:2 |       8 |       0 |   0.0 |       3 |       0 |   0.0
        D:3 |      51 |       0 |   0.0 |       5 |       0 |   0.0
        D:4 |     400 |       0 |   0.0 |      21 |       0 |   0.0
        D:5 |     186 |      33 |  15.1 |       4 |       1 |  20.0
            +---------+---------+-------+---------+---------+-------
